 Dungeon Crawl Stone Soup version 0.22-a0-521-gb1378044ac (webtiles) character file.

12832 Brozuf the Severer (level 11, -15/102 HPs)
             Began as a Hill Orc Fighter on June 19, 2018.
             Was a Priest of Makhleb.
             Demolished by an orc knight
             ... wielding a +3 war axe of chopping
              (17 damage)
             ... on level 9 of the Dungeon on June 20, 2018.
             The game lasted 00:49:16 (15956 turns).

Brozuf the Severer (Hill Orc Fighter)              Turns: 15956, Time: 00:49:17

Health: -15/102    AC: 20    Str: 27    XL:     11   Next: 99%
Magic:  16/16      EV:  6    Int:  8    God:    Makhleb [***...]
Gold:   748        SH:  8    Dex: 11    Spells: 10/10 levels left

rFire    . . .     SeeInvis +   a - +0 war axe
rCold    . . .     Gourm    +   c - +0 shield
rNeg     . . .     Faith    .   e - +0 plate armour (curse)
rPois    .         Spirit   .   I - +2 hat {SInv}
rElec    .         Reflect  .   k - scarf {repulsion}
rCorr    .         Harm     .   v - +1 pair of gloves
MR       .....                  (no boots)
Stlth    ..........             l - amulet of the gourmand
HPRegen  0.27/turn              i - +6 ring of protection
MPRegen  0.15/turn              O - +3 ring of evasion

@: mighty, extremely drained, repel missiles
A: no striking features
a: Minor Destruction, Lesser Servant of Makhleb, Renounce Religion


You were on level 9 of the Dungeon.
You worshipped Makhleb.
Makhleb was most pleased with you.
You were very full.

You visited 4 branches of the dungeon, and saw 15 of its levels.

You collected 748 gold pieces.

Inventory:

Hand Weapons
 a - a +0 war axe (weapon)
 b - a +1 antimagic morningstar
Missiles
 t - 4 throwing nets (quivered)
 H - 3 poisoned tomahawks
Armour
 c - a +0 shield (worn)
 e - a cursed +0 plate armour (worn)
 g - a +0 chain mail of magic resistance
 k - a scarf of repulsion (worn)
 n - a +2 cloak
 v - a +1 pair of gloves (worn)
 I - a +2 hat of see invisible (worn)
Jewellery
 i - a +6 ring of protection (left hand)
 l - an amulet of the gourmand (around neck)
 u - an uncursed ring of see invisible
 x - an uncursed ring of protection from cold
 y - an uncursed ring of protection from cold
 D - an uncursed ring of positive energy
 O - a +3 ring of evasion (right hand)
Wands
 Q - a wand of flame (19)
Scrolls
 j - 2 scrolls of enchant armour
 m - 8 scrolls of immolation
 o - 2 scrolls of magic mapping {unknown}
 p - 2 scrolls of fog {unknown}
 r - 2 scrolls of amnesia {unknown}
 s - 6 scrolls of teleportation
 C - a scroll of vulnerability {unknown}
 K - 2 scrolls of random uselessness {unknown}
 L - 3 scrolls of remove curse
 M - a scroll of summoning {unknown}
 P - a scroll of identify
Potions
 d - 4 potions of might
 h - 7 potions of curing
 q - a potion of agility
 w - 2 potions of berserk rage
 z - 2 potions of invisibility
 A - 5 potions of ambrosia
 B - 4 potions of brilliance
 E - a potion of heal wounds
 F - a potion of mutation {unknown}
 G - 3 potions of flight
 J - 5 potions of haste
 N - a potion of lignification {unknown}
Comestibles
 f - 27 rations


   Skills:
 + Level 11.2(0.0) Fighting
 * Level 15.7(0.0) Axes
 + Level 10.3(0.0) Armour
 - Level 3.2(0.0) Shields
 + Level 7.5(0.0) Invocations


You had 10 spell levels left.
You didn't know any spells.
Your spell library contained the following spells:

 Spells                   Type           Power        Failure   Level  Hunger
 Cause Fear               Hex            #.........   100%        4    #####..
 Summon Small Mammal      Summ           #...         100%        1    ##.....
 Summon Ice Beast         Ice/Summ       #.......     100%        4    #####..
 Call Imp                 Summ           #.......     100%        2    ###....
 Deflect Missiles         Chrm/Air       #.........   100%        6    #######
 Call Canine Familiar     Summ           #.......     100%        3    ####...
 Silence                  Hex/Air        #.........   100%        5    ######.
 Discord                  Hex            #.........   100%        8    #######
 Summon Lightning Spire   Summ/Air       #.......     100%        4    #####..
 Summon Guardian Golem    Hex/Summ       #.......     100%        3    ####...
 Yara's Violent Unravell  Hex/Tmut       #.........   100%        5    ######.


Dungeon Overview and Level Annotations

Branches:
Dungeon (12/15)            Temple (1/1) D:4            Lair (1/6) D:11
    Orc (1/2) D:9

Altars:
Ashenzari
Cheibriados
Dithmenos
Elyvilon
Fedhas
Gozag
Hepliaklqana
Kikubaaqudgha
Makhleb
Nemelex Xobeh
Okawaru
Qazlal
Ru
Sif Muna
Trog
Uskayaw
Vehumet
Wu Jian
Xom
Yredelemnul
Zin
The Shining One

Shops:
D:7 %

Annotations:
D:6 Grinder
Lair:1 Sonja


Message History

You closely miss the orc knight.
The orc knight hits you with a war axe of chopping!!
You closely miss the orc knight.
The orc knight hits you with a war axe of chopping!!
* * * LOW HITPOINT WARNING * * *
x2 You closely miss the orc knight.
The orc knight hits you with a war axe of chopping.
* * * LOW HITPOINT WARNING * * *
x2 The orc knight hits you with a war axe of chopping.
* * * LOW HITPOINT WARNING * * *
x2
Things that are here:
a short sword; a club A demon appears!
It doesn't seem very happy.
The orc knight hits you with a war axe of chopping.
* * * LOW HITPOINT WARNING * * *
x2 The hellwing swoops through the air toward you!
You block the hellwing's attack. The hellwing completely misses you.
The orc knight hits you with a war axe of chopping!
You die...

....#....................#......#
....#....................#......#
....#....................#......#
)################################
)#.....................#...≈.#
[#.....................#....≈#
[#)[....)).##................###
.)(!.....>.......4...........#.#
##..#...[.)....o@..........#.#!#
#..#......................#.#.#
#.....................)...#['!#
###############################


You could see an orc knight and a hellwing.

Vanquished Creatures
  Gastronok (D:11)
  A hydra (D:11)
  Harold (D:11)
  3 two-headed ogres
  An elephant (D:11)
  A rime drake (Lair:1)
  A komodo dragon (Lair:1)
  A troll (D:10)
  2 hippogriffs
  A spriggan (D:9)
  7 yaks
  Eustachio (D:4)
  2 basilisks (D:11)
  A hungry ghost (D:9)
  A water moccasin (Lair:1)
  3 porcupines (Lair:1)
  A swamp drake (D:9)
  A phantom (D:8)
  6 orc warriors
  A black bear (D:7)
  A sky beast (D:4)
  A necrophage (D:9)
  5 ogres
  4 centaurs
  4 bullfrogs
  A gnoll sergeant (D:11)
  2 wyvern skeletons
  3 scorpions
  10 killer bees
  A howler monkey (D:8)
  3 crimson imps
  A centaur zombie (D:10)
  A bullfrog zombie (D:11)
  6 orc priests
  5 hounds
  A bullfrog skeleton (D:11)
  4 jellies
  5 centaur skeletons
  7 worker ants
  5 iguanas
  10 orc wizards
  2 hound zombies
  3 hound skeletons
  A howler monkey zombie (D:6)
  A worker ant zombie (D:10)
  7 adders
  9 gnolls
  2 shadow imps
  An ooze (D:1)
  An adder skeleton (D:4)
  3 worms
  2 dart slugs (D:1)
  9 leopard geckos
  44 orcs
  6 bats
  9 giant cockroaches
  14 goblins
  8 hobgoblins
  6 jackals
  7 kobolds
  4 quokkas
  5 frilled lizards
  A giant cockroach zombie (D:5)
  A jackal skeleton (D:5)
  A jackal zombie (D:5)
  A leopard gecko skeleton (D:6)
  A quokka zombie (D:6)
  7 rats
273 creatures vanquished.

Vanquished Creatures (collateral kills)
  An orc warrior (D:9)
1 creature vanquished.

Vanquished Creatures (others)
  An orc wizard (D:7)
  2 fungi (D:11)
3 creatures vanquished.

Grand Total: 277 creatures vanquished

Notes
Turn   | Place    | Note
-------+----------+-------------------------------------------
     0 | D:1      | Brozuf the Hill Orc Fighter began the quest for the Orb.
     0 | D:1      | Reached XP level 1. HP: 19/19 MP: 1/1
    55 | D:1      | Reached skill level 3 in Axes
   106 | D:1      | Reached XP level 2. HP: 27/27 MP: 2/2
   534 | D:1      | Reached XP level 3. HP: 32/33 MP: 3/3
   780 | D:1      | Reached skill level 4 in Axes
  1088 | D:2      | Found a hide-covered altar of Uskayaw.
  1400 | D:2      | Reached XP level 4. HP: 38/40 MP: 4/4
  2363 | D:3      | Reached skill level 5 in Axes
  2393 | D:3      | Reached XP level 5. HP: 47/47 MP: 5/5
  2630 | D:3      | Reached skill level 5 in Fighting
  2630 | D:3      | Reached skill level 6 in Axes
  2630 | D:3      | Reached XP level 6. HP: 52/56 MP: 6/6
  3076 | D:3      | Found a stormy altar of Qazlal.
  3081 | D:3      | Found an ancient bone altar of Kikubaaqudgha.
  3839 | D:4      | Found a staircase to the Ecumenical Temple.
  3868 | Temple   | Entered the Ecumenical Temple
  3985 | Temple   | Became a worshipper of Makhleb the Destroyer
  4054 | D:4      | Noticed Eustachio
  4110 | D:4      | Killed Eustachio
  4110 | D:4      | Reached skill level 7 in Axes
  4110 | D:4      | Reached skill level 5 in Armour
  4110 | D:4      | Reached XP level 7. HP: 50/62 MP: 7/7
  4441 | D:5      | Entered Level 5 of the Dungeon
  4702 | D:5      | Reached skill level 8 in Axes
  4907 | D:5      | Reached XP level 8. HP: 61/71 MP: 8/8
  5141 | D:5      | Reached skill level 9 in Axes
  5491 | D:6      | Found a snail-covered altar of Cheibriados.
  5713 | D:6      | Found a glowing silver altar of Zin.
  5796 | D:6      | Noticed Grinder
  5984 | D:7      | Reached * piety under Makhleb
  6006 | D:7      | Reached skill level 10 in Axes
  6055 | D:7      | Found Wiplia's Food Boutique.
  6317 | D:7      | Reached XP level 9. HP: 47/79 MP: 9/9
  6944 | D:7      | Reached skill level 11 in Axes
  7282 | D:7      | Found an ornate altar of the Wu Jian Council.
  8226 | D:8      | Found a bloodstained altar of Trog.
  8291 | D:8      | Found an iron altar of Okawaru.
  8599 | D:9      | Reached skill level 12 in Axes
  8794 | D:9      | Noticed a two-headed ogre
  8843 | D:8      | Reached ** piety under Makhleb
  9311 | D:9      | Reached XP level 10. HP: 83/91 MP: 10/10
  9364 | D:9      | Reached skill level 1 in Invocations
  9916 | D:9      | Found a staircase to the Orcish Mines.
  9926 | D:9      | Reached skill level 13 in Axes
 10114 | D:9      | Found a white marble altar of Elyvilon.
 10220 | D:9      | Killed a two-headed ogre
 10370 | D:10     | Entered Level 10 of the Dungeon
 10977 | D:10     | Reached *** piety under Makhleb
 11401 | D:11     | Noticed a two-headed ogre
 11477 | D:11     | Noticed a two-headed ogre
 11521 | D:11     | Noticed a two-headed ogre
 11899 | D:11     | Noticed an elephant
 11960 | D:11     | Noticed Gastronok
 12007 | D:11     | Killed a two-headed ogre
 12007 | D:11     | Reached skill level 10 in Fighting
 12007 | D:11     | Reached skill level 14 in Axes
 12015 | D:11     | Killed an elephant
 12015 | D:11     | Reached skill level 5 in Invocations
 12015 | D:11     | Reached XP level 11. HP: 88/100 MP: 14/14
 12337 | D:11     | Noticed a seven-headed hydra
 12625 | D:11     | Found a staircase to the Lair.
 12710 | D:11     | Killed Gastronok
 12779 | D:11     | Noticed Harold
 12814 | D:10     | Killed a two-headed ogre
 12942 | D:11     | Killed Harold
 12942 | D:11     | Reached skill level 15 in Axes
 13032 | D:11     | Killed a seven-headed hydra
 13032 | D:11     | Reached skill level 10 in Armour
 13547 | Lair:1   | Entered Level 1 of the Lair of Beasts
 13814 | Lair:1   | Noticed Sonja
 14965 | Orc:1    | Entered Level 1 of the Orcish Mines
 14968 | Orc:1    | Noticed an orc sorcerer
 15288 | Orc:1    | Noticed an orc knight
 15954 | D:9      | HP: 2/102 [orc knight/war axe of chopping (6)]
 15956 | D:9      | Demolished by an orc knight

Vault maps used:
D:1:      dpeg_arrival_short_road
D:2:      eat_drink_and_be_merry_uskayaw, first_ration
D:3:      amethyst_overflow_temple_binary
D:4:      minmay_temple_entry_junction_2, uniq_eustachio
D:6:      lemuel_round_altar, nicolae_overflow_hidden_temple,
          minmay_misc_feat_doors, uniq_grinder
D:7:      kennysheep_little_box, serial_shops, nicolae_shop_stone
D:8:      bloody_trog, kennysheep_okawaru_gauntlet
D:9:      lemuel_coloured_pillars_altar, erik_orc_1, the_bakery
D:11:     david_lair_generic, uniq_harold, uniq_gastronok
D:12:     statuecave_lemuel, muffindrake_ghost_dual_entry, minivault_11
Temple:   dshaligram_water_room_temple
Lair:1:   grunt_megastairs_3, uniq_sonja
Orc:1:    uniq_urug

Skill      XL: |  1  2  3  4  5  6  7  8  9 10 11 |
---------------+----------------------------------+-----
Axes           | 3 4 5 6 7 8 10 12 14 15 | 15.7
Fighting       | 4 5 6 7 9 10 11 | 11.2
Armour         | 4 5 6 8 9 10 | 10.3
Invocations    | 5 7 |  7.5
Shields        | |  3.2

Action                   |  1- 3 |  4- 6 |  7- 9 | 10-12 || total
-------------------------+-------+-------+-------+-------++-------
Melee: War axe           |   114 |   281 |   446 |   472 ||  1313
       Morningstar       |       |       |       |     9 ||     9
Throw: Tomahawk          |       |    15 |    22 |     3 ||    40
Invok: Lesser Servant of |       |       |       |     4 ||     4
Evoke: Wand              |       |       |     4 |     6 ||    10
  Use: Scroll            |       |     9 |     5 |     1 ||    15
       Potion            |       |       |       |     3 ||     3
 Stab: Paralysed         |       |       |     2 |    12 ||    14
  Eat: Chunk             |     2 |     9 |    12 |    32 ||    55
       Ration            |       |       |     2 |       ||     2
Armor: Scale mail        |    50 |   102 |       |       ||   152
       Chain mail        |       |    43 |   220 |   104 ||   367
       Plate armour      |       |       |       |   190 ||   190
Dodge: Dodged            |    36 |    60 |   115 |   145 ||   356
       Deflected         |     1 |     1 |     5 |     5 ||    12
Block: Shield            |    57 |   117 |   188 |   223 ||   585

Table legend:
 A = Spawn XP
 B = Non-spawn XP
 C = Spawn XP percentage of total XP
 D = Spawn monster count
 E = Non-spawn monster count
 F = Spawn count percentage of total count
 G = Total turns spent on level
                    A         B        C        D         E        F      G
               +---------+---------+-------+---------+---------+-------+---------
         Total |       0 |   18332 |   0.0 |       0 |     275 |   0.0 | 15956
               +---------+---------+-------+---------+---------+-------+---------
           D:1 |       0 |      65 |   0.0 |       0 |      26 |   0.0 |  1238
           D:2 |       0 |      52 |   0.0 |       0 |      24 |   0.0 |   992
           D:3 |       0 |     354 |   0.0 |       0 |      35 |   0.0 |  1353
           D:4 |       0 |     469 |   0.0 |       0 |      15 |   0.0 |   890
           D:5 |       0 |     661 |   0.0 |       0 |      21 |   0.0 |   822
           D:6 |       0 |     363 |   0.0 |       0 |      10 |   0.0 |   544
           D:7 |       0 |     905 |   0.0 |       0 |      22 |   0.0 |  1549
           D:8 |       0 |    1039 |   0.0 |       0 |      22 |   0.0 |  1588
           D:9 |       0 |    3069 |   0.0 |       0 |      50 |   0.0 |  2781
          D:10 |       0 |    2179 |   0.0 |       0 |      19 |   0.0 |  1407
          D:11 |       0 |    6396 |   0.0 |       0 |      18 |   0.0 |  1572
        Lair:1 |       0 |    2780 |   0.0 |       0 |      13 |   0.0 |  1073
               +---------+---------+-------+---------+---------+-------+---------
